ITL
HAVANA ROLLERS @ CAPE COD CLAMS
07/16/2026
 
TOP OF THE 1ST
Havana Rollers batting - Pitching for Cape Cod Clams : RHP Robert Martin
Pitching: RHP Robert Martin
Batting: LHB Jimmy Husted 0-0: Called Strike
0-1: Ball
1-1: Swinging Strike
1-2: Ball
2-2: Ball
3-2: Base on Balls
Batting: LHB Gyu-sik Yi 0-0: Ball
1-0: Ball
2-0: Called Strike
2-1: Fly out, F3 (Popup, 3)
Batting: RHB Dani Gómez 0-0: Ball
Jimmy Husted steals 2nd base
1-0: Ball
2-0: Called Strike
Jimmy Husted steals 3rd base
2-1: Foul Ball, location: 2F
2-2: Foul Ball, location: 2F
2-2: Ball
3-2: Foul Ball, location: 2F
3-2: Base on Balls
Batting: LHB Wilson Allen 0-0: Foul Ball, location: 2F
Single, Error in OF, E8, batter to second base
Jimmy Husted scores
Dani Gómez to third
Batting: SHB Pepe Piña 0-0: Ball
1-0: Ball
2-0: Ball
3-0: Called Strike
3-1: Base on Balls
Batting: RHB Salvador Borbón 0-0: Fielders Choice at 2nd, 6-4 (Groundball, 6M)
Dani Gómez scores
Wilson Allen to third
Batting: RHB Paul Bailey 0-0: Ground out 4-3 (Groundball, 4)
Top of the 1st over - 2 run(s), 1 hit(s), 1 error(s), 2 left on base; Havana 2 - Cape Cod 0
BOTTOM OF THE 1ST
Cape Cod Clams batting - Pitching for Havana Rollers : RHP Derek Simpson
Pitching: RHP Derek Simpson
Batting: SHB Edgardo Osorio 0-0: Foul Ball, location: 2F
0-1: Ball
1-1: Swinging Strike
1-2: Ball
2-2: Strikes out swinging
Batting: RHB Yasuhiro Kobayashi 0-0: Ball
1-0: Ball
2-0: Ball
3-0: Base on Balls
Batting: LHB José González 0-0: SINGLE (Groundball, 4M)
Yasuhiro Kobayashi to second
Batting: LHB José Rivas 0-0: Ball
1-0: Called Strike
1-1: Ball
2-1: Reached on error, E3 (Groundball, 34)
Yasuhiro Kobayashi to third
José González to second
Batting: SHB Andrés Díaz 0-0: Foul Ball, location: 2F
0-1: Ball
1-1: Swinging Strike
1-2: Strikes out swinging
Batting: RHB Franklin Shaw 0-0: Called Strike
0-1: Ball
1-1: Ball
2-1: SINGLE (Groundball, 6MD)
Yasuhiro Kobayashi scores
José González to third
José Rivas to second
Runner from 3rd tries for Home, SAFE, no throw or cutoff
Batting: RHB Armando Vega 0-0: Ball
1-0: Called Strike
1-1: Ball
2-1: Ball
3-1: Called Strike
3-2: SINGLE (Groundball, 56)
José Rivas to third
Franklin Shaw to second
José Rivas scores
Franklin Shaw to third
Batting: RHB Juan Marín 0-0: Fly out, F8 (Flyball, 8RXD)
Bottom of the 1st over - 3 run(s), 3 hit(s), 1 error(s), 2 left on base; Havana 2 - Cape Cod 3
TOP OF THE 2ND
Havana Rollers batting - Pitching for Cape Cod Clams : RHP Robert Martin
Batting: RHB Francisco Rincón 0-0: Ball
1-0: Swinging Strike
1-1: Ball
2-1: Ball
3-1: Foul Ball, location: 2F
3-2: Foul Ball, location: 2F
3-2: Strikes out swinging
Batting: LHB José Torres 0-0: Ground out 4-3 (Groundball, 4MS)
Batting: LHB Jimmy Husted 0-0: Called Strike
0-1: Ball
1-1: Swinging Strike
1-2: Reached on error, E4 (Groundball, 4)
Batting: LHB Gyu-sik Yi 0-0: Ball
Jimmy Husted is caught stealing 2nd base
Top of the 2nd over - 0 run(s), 0 hit(s), 1 error(s), 0 left on base; Havana 2 - Cape Cod 3
BOTTOM OF THE 2ND
Cape Cod Clams batting - Pitching for Havana Rollers : RHP Derek Simpson
Batting: RHB Marcos Castillo 0-0: Called Strike
0-1: Ball
1-1: Ground out 4-3 (Groundball, 4M)
Batting: SHB Edgardo Osorio 0-0: SINGLE (Line Drive, 34D)
Batting: RHB Yasuhiro Kobayashi 0-0: Ball
1-0: Ground out U3 (Groundball, 3S)
Edgardo Osorio to second
Batting: LHB José González 0-0: SINGLE (Groundball, 6MD)
Edgardo Osorio to third
Runner from 3rd tries for Home, SAFE, no throw or cutoff
Batting: LHB José Rivas 0-0: Foul Ball, location: 2F
0-1: Ball
Wild Pitch!
José González to second
1-1: Called Strike
1-2: Ball
2-2: Foul Ball, location: 2F
2-2: Fly out, F6 (Popup, 6D)
Bottom of the 2nd over - 1 run(s), 2 hit(s), 0 error(s), 1 left on base; Havana 2 - Cape Cod 4
TOP OF THE 3RD
Havana Rollers batting - Pitching for Cape Cod Clams : RHP Robert Martin
Batting: LHB Gyu-sik Yi 0-0: SINGLE (Groundball, 4M)
Batting: RHB Dani Gómez 0-0: Called Strike
0-1: Fielders Choice at 2nd, 6-4 (Groundball, 6M)
Batting: LHB Wilson Allen 0-0: Ball
Dani Gómez is caught stealing 2nd base
1-0: Called Strike
1-1: Fly out, F8 (Flyball, 78D)
Top of the 3rd over - 0 run(s), 1 hit(s), 0 error(s), 0 left on base; Havana 2 - Cape Cod 4
BOTTOM OF THE 3RD
Cape Cod Clams batting - Pitching for Havana Rollers : RHP Derek Simpson
Batting: SHB Andrés Díaz 0-0: Called Strike
0-1: Foul Ball, location: 2F
0-2: Ball
1-2: Foul Ball, location: 2F
1-2: Ball
2-2: Strikes out looking
Batting: RHB Franklin Shaw 0-0: Ball
1-0: Foul Ball, location: 2F
1-1: SINGLE (Flyball, 89S)
Batting: RHB Armando Vega 0-0: Foul Ball, location: 2F
0-1: Ball
1-1: Ball
Wild Pitch!
Franklin Shaw to second
2-1: Reached on error, E6 (Groundball, 6M)
Franklin Shaw scores
Batting: RHB Juan Marín 0-0: Called Strike
0-1: Ball
1-1: SINGLE (Flyball, 8LS)
Armando Vega to third
Batting: RHB Marcos Castillo 0-0: Ball
1-0: Ball
2-0: Called Strike
2-1: Ball
3-1: Fly out, F7 (Flyball, 7LM)
Runner from 3rd tags up, OUT at HOME
Bottom of the 3rd over - 1 run(s), 2 hit(s), 1 error(s), 1 left on base; Havana 2 - Cape Cod 5
TOP OF THE 4TH
Havana Rollers batting - Pitching for Cape Cod Clams : RHP Robert Martin
Batting: SHB Pepe Piña 0-0: Called Strike
0-1: Hit by Pitch
Batting: RHB Salvador Borbón 0-0: Ball
1-0: Foul Ball, location: 2F
1-1: Ball
2-1: Ball
3-1: Foul Ball, location: 2F
3-2: Base on Balls
Pepe Piña to second
Batting: RHB Paul Bailey 0-0: Ball
1-0: Ball
2-0: Swinging Strike
2-1: SINGLE (Line Drive, 89S)
Pepe Piña to third
Salvador Borbón to second
Batting: RHB Francisco Rincón 0-0: Called Strike
0-1: Foul Ball, location: 2F
0-2: Ball
1-2: Strikes out swinging
Batting: LHB José Torres 0-0: Called Strike
0-1: Ball
1-1: Fly out, F8 (Flyball, 8RM)
Runner from 3rd tags up, SCORES, throw made
Batting: LHB Jimmy Husted 0-0: Foul Ball, location: 2F
0-1: Ball
1-1: Ball
2-1: Ball
3-1: Foul Ball, location: 2F
3-2: Strikes out swinging
Top of the 4th over - 1 run(s), 1 hit(s), 0 error(s), 2 left on base; Havana 3 - Cape Cod 5
BOTTOM OF THE 4TH
Cape Cod Clams batting - Pitching for Havana Rollers : RHP Derek Simpson
Batting: SHB Edgardo Osorio 0-0: Foul Ball, location: 2F
0-1: Ground out 5-3 (Groundball, 56S)
Batting: RHB Yasuhiro Kobayashi 0-0: Foul Ball, location: 2F
0-1: Called Strike
0-2: Ball
1-2: Foul Ball, location: 2F
1-2: Foul Ball, location: 2F
1-2: Ball
2-2: Ball
3-2: Ground out 4-3 (Groundball, 4)
Batting: LHB José González 0-0: Swinging Strike
0-1: Fly out, F7 (Flyball, 78S)
Bottom of the 4th over - 0 run(s), 0 hit(s), 0 error(s), 0 left on base; Havana 3 - Cape Cod 5
TOP OF THE 5TH
Havana Rollers batting - Pitching for Cape Cod Clams : RHP Robert Martin
Batting: LHB Gyu-sik Yi 0-0: Ball
1-0: Swinging Strike
1-1: Ball
2-1: Ball
3-1: Base on Balls
Batting: RHB Dani Gómez 0-0: Ball
1-0: Swinging Strike
1-1: Foul Ball, location: 2F
1-2: Strikes out swinging
Batting: LHB Wilson Allen 0-0: Ball
1-0: Ball
2-0: Called Strike
2-1: SINGLE (Line Drive, 9S)
Gyu-sik Yi to second
Runner from 2nd tries for 3rd, SAFE, throw made to third
Pitching: RHP Claudio Rivera
Batting: SHB Pepe Piña 0-0: Foul Ball, location: 2F
0-1: Foul Ball, location: 2F
0-2: Ball
1-2: Ball
2-2: Strikes out swinging
Batting: RHB Salvador Borbón 0-0: Called Strike
0-1: Swinging Strike
0-2: Foul Ball, location: 2F
0-2: DOUBLE (Flyball, 8RXD)
Gyu-sik Yi scores
Wilson Allen to third
Batting: RHB Paul Bailey 0-0: Foul Ball, location: 2F
0-1: Foul Ball, location: 2F
0-2: Foul Ball, location: 2F
0-2: Ball
1-2: Strikes out swinging
Top of the 5th over - 1 run(s), 2 hit(s), 0 error(s), 2 left on base; Havana 4 - Cape Cod 5
BOTTOM OF THE 5TH
Cape Cod Clams batting - Pitching for Havana Rollers : RHP Derek Simpson
Batting: LHB José Rivas 0-0: Swinging Strike
0-1: Ball
1-1: Foul Ball, location: 2F
1-2: Ground out 4-3 (Groundball, 4M)
Batting: SHB Andrés Díaz 0-0: Ball
1-0: Ball
2-0: Ball
3-0: Called Strike
3-1: Foul Ball, location: 2F
3-2: Base on Balls
Batting: RHB Franklin Shaw 0-0: Called Strike
0-1: Ground out 6-3 (Groundball, 6S)
Andrés Díaz to second
Batting: RHB Armando Vega 0-0: Ball
1-0: Foul Ball, location: 2F
1-1: Ground out 5-3 (Groundball, 5L)
Bottom of the 5th over - 0 run(s), 0 hit(s), 0 error(s), 1 left on base; Havana 4 - Cape Cod 5
TOP OF THE 6TH
Havana Rollers batting - Pitching for Cape Cod Clams : RHP Claudio Rivera
Batting: RHB Francisco Rincón 0-0: Swinging Strike
0-1: Ball
1-1: Foul Ball, location: 2F
1-2: Ball
2-2: Strikes out looking
Batting: LHB José Torres 0-0: Called Strike
0-1: Swinging Strike
0-2: Ball
1-2: Strikes out swinging
Batting: LHB Jimmy Husted 0-0: Foul Ball, location: 2F
0-1: Ball
1-1: Foul Ball, location: 2F
1-2: Ball
2-2: Ball
3-2: Fly out, F9 (Flyball, 9M)
Top of the 6th over - 0 run(s), 0 hit(s), 0 error(s), 0 left on base; Havana 4 - Cape Cod 5
BOTTOM OF THE 6TH
Cape Cod Clams batting - Pitching for Havana Rollers : RHP Derek Simpson
Batting: RHB Juan Marín 0-0: Ball
1-0: Fly out, F4 (Popup, 3D)
Batting: RHB Marcos Castillo 0-0: Ball
1-0: Ball
2-0: DOUBLE (Line Drive, 7LM)
Batting: SHB Edgardo Osorio 0-0: Ball
1-0: DOUBLE (Flyball, 8RXD)
Marcos Castillo scores
Batting: RHB Yasuhiro Kobayashi 0-0: Called Strike
Edgardo Osorio is caught stealing 3rd base
0-1: Ball
1-1: Called Strike
1-2: Foul Ball, location: 2F
1-2: Foul Ball, location: 2F
1-2: Ball
2-2: Foul Ball, location: 2F
2-2: SINGLE (Line Drive, 9S)
Pitching: RHP Ramiro Piña
Batting: LHB José González 0-0: Ball
1-0: Ball
2-0: Ball
3-0: Base on Balls
Yasuhiro Kobayashi to second
Batting: LHB José Rivas 0-0: Ball
1-0: Ball
2-0: Called Strike
2-1: Ball
3-1: Base on Balls
Yasuhiro Kobayashi to third
José González to second
Batting: SHB Andrés Díaz 0-0: Ball
1-0: Called Strike
1-1: Ball
2-1: Foul Ball, location: 2F
2-2: Fly out, F1 (Line Drive, 13S)
Bottom of the 6th over - 1 run(s), 3 hit(s), 0 error(s), 3 left on base; Havana 4 - Cape Cod 6
TOP OF THE 7TH
Havana Rollers batting - Pitching for Cape Cod Clams : RHP Claudio Rivera
Batting: LHB Gyu-sik Yi 0-0: Ball
1-0: Ball
2-0: Ball
3-0: Called Strike
3-1: Swinging Strike
3-2: Foul Ball, location: 2F
3-2: Base on Balls
Pitching: RHP Mario González
Batting: RHB Dani Gómez 0-0: Ball
1-0: Called Strike
1-1: Ball
2-1: Ball
3-1: Foul Ball, location: 2F
3-2: Base on Balls
Gyu-sik Yi to second
Pitching: RHP Grant Jackson
Batting: LHB Wilson Allen 0-0: Ball
1-0: Swinging Strike
1-1: Ball
2-1: Ball
3-1: Called Strike
3-2: SINGLE (Flyball, 7LS)
Gyu-sik Yi to third
Dani Gómez to second
Batting: SHB Pepe Piña 0-0: Fly out, F7 (Flyball, 7M)
Runner from 3rd tags up, SCORES, throw made
Pinch Hitting: LHB Zhi-huan Loong 0-0: Swinging Strike
0-1: Foul Ball, location: 2F
0-2: Foul Ball, location: 2F
0-2: Ball
1-2: Ball
2-2: Strikes out swinging
Batting: RHB Paul Bailey 0-0: Called Strike
0-1: Ground out U3 (Groundball, 3L)
Top of the 7th over - 1 run(s), 1 hit(s), 0 error(s), 2 left on base; Havana 5 - Cape Cod 6
BOTTOM OF THE 7TH
Cape Cod Clams batting - Pitching for Havana Rollers : RHP Ramiro Piña
Now at SS: Chad Case
Batting: RHB Franklin Shaw 0-0: Foul Ball, location: 2F
0-1: Ball
1-1: Ball
2-1: Ball
3-1: Base on Balls
Batting: RHB Armando Vega 0-0: Bunted foul
0-1: Bunt - Flyout! F2
Batting: RHB Juan Marín 0-0: Ball
1-0: Called Strike
1-1: Ball
2-1: Ball
3-1: Base on Balls
Franklin Shaw to second
Pinch Hitting: SHB Rob Grun 0-0: Foul Ball, location: 2F
0-1: Called Strike
0-2: Foul Ball, location: 2F
0-2: Foul Ball, location: 2F
0-2: Ball
1-2: Strikes out swinging
Batting: SHB Edgardo Osorio 0-0: Ball
1-0: Foul Ball, location: 2F
1-1: Ball
2-1: Ball
3-1: Base on Balls
Franklin Shaw to third
Juan Marín to second
Batting: RHB Yasuhiro Kobayashi 0-0: Called Strike
0-1: Ball
1-1: Called Strike
1-2: Ball
2-2: Foul Ball, location: 2F
2-2: Strikes out swinging
Bottom of the 7th over - 0 run(s), 0 hit(s), 0 error(s), 3 left on base; Havana 5 - Cape Cod 6
TOP OF THE 8TH
Havana Rollers batting - Pitching for Cape Cod Clams : RHP Grant Jackson
Pitching: RHP Juan Reyes
Now at C: António Ramos
Now at 1B: Justin Schultz
Now in CF: Ramón Morales
Batting: RHB Francisco Rincón 0-0: Ball
1-0: Foul Ball, location: 2F
1-1: Foul Ball, location: 2F
1-2: Strikes out swinging
Pitching: LHP António Coronado
Batting: LHB José Torres 0-0: Swinging Strike
0-1: Called Strike
0-2: Ball
1-2: Strikes out swinging
Batting: LHB Jimmy Husted 0-0: Called Strike
0-1: Swinging Strike
0-2: Ball
1-2: Foul Ball, location: 2F
1-2: Ball
2-2: Ball
3-2: Foul Ball, location: 2F
3-2: Foul Ball, location: 2F
3-2: Strikes out swinging
Top of the 8th over - 0 run(s), 0 hit(s), 0 error(s), 0 left on base; Havana 5 - Cape Cod 6
BOTTOM OF THE 8TH
Cape Cod Clams batting - Pitching for Havana Rollers : RHP Ramiro Piña
Batting: LHB José González 0-0: Foul Ball, location: 2F
0-1: Ground out 4-3 (Groundball, 4M)
Batting: LHB José Rivas 0-0: Foul Ball, location: 2F
0-1: Foul Ball, location: 2F
0-2: Foul Ball, location: 2F
0-2: Strikes out swinging
Batting: SHB Andrés Díaz 0-0: Foul Ball, location: 2F
0-1: Fly out, F8 (Flyball, 78M)
Bottom of the 8th over - 0 run(s), 0 hit(s), 0 error(s), 0 left on base; Havana 5 - Cape Cod 6
TOP OF THE 9TH
Havana Rollers batting - Pitching for Cape Cod Clams : LHP António Coronado
Pitching: RHP Tommy Connare
Batting: LHB Gyu-sik Yi 0-0: Ball
1-0: Ball
2-0: Ball
3-0: Base on Balls
Pinch Hitting: RHB Carlos MacKinney 0-0: Foul Ball, location: 2F
0-1: Swinging Strike
0-2: Ball
1-2: Strikes out swinging
Batting: LHB Wilson Allen 0-0: Ball
1-0: Called Strike
1-1: Grounds into double play, U6-3 (Groundball, 6)
Top of the 9th over - 0 run(s), 0 hit(s), 0 error(s), 0 left on base; Havana 5 - Cape Cod 6
Monday, December 5th, 2016 - OOTP Baseball 17.12 Build 75